Map: Eternal Empire LE

Players

HeroMarine - Winner!

  • Race: Terran Terran
  • Spawn Location: 7:00

Trap

  • Race: Protoss Protoss
  • Spawn Location: 1:00

Event: DreamHack SC2 Masters 2020 Summer Season Finals

VOD

Have the link to the VOD?

Description

Time

  • Played on: July 18, 2020, 9:22 a.m.
  • Length: 10:14

All games in this series

Show
View Real Time Build Order
Export as new Build Order

HeroMarine Terran - Winner!

Build Orders: Reaper Expand 

Get SALT Encoding   

  12  0:01  SCV  
  13  0:13  SCV  
  14  0:17  Supply Depot  
  14  0:25  SCV  
  15  0:38  SCV  
  15  0:40  Barracks  
  16  0:43  Refinery  
  16  0:50  SCV  
  17  1:03  SCV  
  18  1:15  SCV  
  19  1:27  Reaper, Orbital Command  
  20  1:45  Command Center  
  20  1:51  Supply Depot  
  20  1:53  SCV  
  21  1:59  Marine  
  22  2:05  SCV  
  23  2:14  Factory  
  23  2:18  SCV  
  23  2:19  Bunker  
  23  2:22  Barracks Reactor  
  24  2:30  SCV  
  25  2:42  SCV  
  26  2:54  SCV  
  27  3:06  SCV  
  27  3:08  Command Center  
  27  3:09  Hellion x2  
  27  3:11  Barracks Tech Lab  
  32  3:15  Orbital Command  
  32  3:19  SCV  
  32  3:27  Barracks  
  32  3:31  Hellion  
  36  3:34  Hellion  
  36  3:36  SCV  
  37  3:41  SCV  
  37  3:42  Marine  
  37  3:44  Stimpack  
  39  3:48  SCV  
  39  3:53  SCV, Refinery  
  41  3:59  Supply Depot  
  41  4:00  SCV, Marine  
  43  4:05  SCV  
  44  4:11  Refinery  
  44  4:12  Factory Reactor, Starport  
  44  4:17  SCV  
  44  4:18  SCV  
  44  4:22  Marine x2  
  44  4:23  Marine  
  49  4:29  SCV, Orbital Command  
  49  4:30  SCV  
  51  4:41  SCV, Marauder, Barracks  
  51  4:42  SCV  
  51  4:43  Marine x2  
  57  4:48  Medivac  
  59  4:53  Widow Mine x2  
  59  4:55  Supply Depot  
  59  4:59  SCV x3  
  66  5:07  Engineering Bay  
  66  5:11  SCV, Marauder  
  69  5:14  Refinery  
  69  5:15  Supply Depot  
  69  5:17  SCV  
  69  5:18  Supply Depot  
  70  5:21  Marine  
  70  5:22  Marine  
  70  5:27  SCV x2  
  74  5:28  Barracks Tech Lab  
  74  5:29  SCV  
  74  5:30  Factory Reactor  
  74  5:33  Terran Infantry Weapons Level 1  
  75  5:36  Orbital Command  
  75  5:37  Marauder  
  75  5:38  Medivac x2  
  81  5:43  SCV  
  81  5:44  SCV  
  81  5:45  Supply Depot  
  81  5:47  Supply Depot  
  83  5:51  Marauder  
  83  5:52  Marine x2  
  83  5:56  Supply Depot  
  87  5:59  SCV x2, Marauder  
  87  6:04  Concussive Shells, Combat Shield  
  91  6:11  SCV x2  
  90  6:12  Marauder, Marine x2  
  90  6:15  Widow Mine  
  90  6:17  Medivac  
  97  6:20  Marauder  
  97  6:23  SCV x2  
  101  6:29  Medivac  
  101  6:34  Marauder  
  101  6:37  SCV x2  
  105  6:40  SCV  
  105  6:41  Marauder  
  105  6:42  Widow Mine x2, Marine x2  
  114  6:47  Supply Depot  
  114  6:49  Barracks  
  114  6:51  SCV x2  
  114  6:52  SCV, Barracks  
  117  6:59  Marauder  
  117  7:01  Marine x2  
  116  7:10  Supply Depot x2  
  114  7:20  Marine x2  
  104  7:25  Marine  
  98  7:34  Terran Infantry Armor Level 1  
  98  7:36  Medivac x2, Marine x2  
  104  7:38  Marine, Siege Tank  
  104  7:39  Marauder, Marine x2  
  104  7:42  Supply Depot x2  
  104  7:43  Marine  
  113  7:54  Marine  
  113  7:55  Missile Turret, Marine  
  113  7:56  SCV  
  113  7:57  SCV  
  113  7:59  Marine  
  113  8:00  Marine  
  112  8:05  Liberator x2  
  112  8:10  Marine x3, Siege Tank  
  123  8:18  Marine  
  123  8:19  Marine x3  
  127  8:27  Marine  
  127  8:28  Marauder, Marine  
  127  8:33  Supply Depot  
  131  8:36  Marine x2  
  131  8:37  Marine x2  
  135  8:42  Siege Tank  
  138  8:48  Medivac x2  
  138  8:51  Marine x2  
  138  8:54  Marauder  
  138  8:55  Marine  
  142  9:01  Marine x2  
  141  9:08  Marine  
  141  9:09  Marine  
  129  9:17  Marine x2  
  129  9:23  Marine x2  
  104  9:31  Marine  
  104  9:32  Marine  
  99  9:43  Marine x2  
  101  9:47  Marine  
  102  9:55  Marine  
Show
View Real Time Build Order
Export as new Build Order

Trap Protoss 

Build Orders: 1 Gate Expand, Archon Immortal, Blink Stalkers 

Get SALT Encoding   

  12  0:00  Probe  
  13  0:12  Probe  
  14  0:18  Pylon  
  14  0:24  Probe  
  15  0:32  Probe  
  15  0:37  Gateway  
  15  0:40  Probe  
  16  0:46  Assimilator  
  17  0:51  Probe  
  18  1:03  Probe  
  19  1:15  Probe  
  20  1:22  Nexus  
  20  1:33  Cybernetics Core  
  20  1:36  Probe  
  21  1:42  Assimilator  
  21  1:48  Probe  
  21  1:52  Pylon  
  22  2:00  Probe, Adept  
  23  2:09  Warp Gate  
  23  2:12  Probe  
  26  2:21  Stalker  
  26  2:24  Probe  
  26  2:25  Twilight Council  
  27  2:31  Probe  
  27  2:35  Blink  
  27  2:36  Probe  
  30  2:39  Probe  
  31  2:49  Probe x2  
  33  2:57  Stalker  
  35  3:03  Probe  
  37  3:05  Probe  
  37  3:16  Probe  
  37  3:17  Probe  
  39  3:21  Robotics Facility  
  39  3:26  Gateway  
  39  3:28  Probe  
  39  3:29  Probe  
  39  3:32  Pylon  
  41  3:40  Probe  
  42  3:42  Probe  
  42  3:45  Shield Battery  
  43  3:52  Probe  
  43  3:54  Probe  
  45  3:57  Stalker  
  47  4:04  Nexus  
  47  4:07  Probe x2  
  49  4:11  Observer  
  49  4:13  Pylon  
  50  4:20  Stalker, Assimilator  
  50  4:22  Stalker  
  53  4:25  Probe  
  53  4:31  Probe, Observer  
  55  4:34  Gateway  
  55  4:35  Pylon  
  55  4:37  Probe  
  57  4:42  Charge  
  57  4:43  Probe  
  57  4:45  Observer  
  58  4:52  Probe  
  60  4:55  Probe  
  60  4:59  Gateway  
  61  5:00  Warp Prism, Gateway  
  61  5:04  Stalker x2  
  65  5:13  Probe x2  
  69  5:16  Probe  
  70  5:26  Gateway  
  70  5:27  Gateway  
  70  5:29  Gateway  
  70  5:31  Observer  
  70  5:33  Stalker  
  72  5:36  Stalker  
  74  5:45  Stalker  
  74  5:46  Probe x3  
  74  5:48  Pylon  
  77  5:57  Stalker x2  
  79  6:23  Stalker  
  79  6:24  Stalker x3, Zealot x2  
  79  6:25  Zealot  
  91  6:31  Probe x2  
  93  6:35  Pylon  
  93  6:37  Pylon  
  93  6:39  Pylon  
  93  6:53  Probe  
  93  6:54  Stalker x3  
  100  7:02  Zealot x5  
  100  7:05  Probe x2  
  100  7:07  Probe  
  111  7:13  Probe  
  111  7:14  Probe  
  103  7:19  Probe  
  103  7:22  Probe x2  
  100  7:30  Templar Archives  
  100  7:31  Probe  
  100  7:35  Probe x2  
  100  7:36  Zealot x2  
  107  7:37  Assimilator, Observer  
  107  7:38  Pylon  
  107  7:40  Pylon  
  107  7:43  Probe  
  109  7:46  Pylon  
  109  7:48  Assimilator  
  109  7:49  Assimilator  
  109  7:52  Probe x2, Immortal  
  109  7:53  Pylon  
  109  7:55  Probe  
  112  8:05  Sentry x3  
  122  8:08  Zealot x2  
  122  8:14  Probe x3  
  122  8:16  Pylon  
  122  8:19  Immortal  
  123  8:21  Pylon  
  127  8:38  Forge  
  123  8:52  Immortal  
  123  8:53  High Templar  
  123  8:57  Zealot x4, High Templar  
  123  8:58  Zealot  
  123  9:01  Archon  
  126  9:12  Zealot  
  119  9:18  Zealot x2  
  119  9:19  Zealot x3  
  119  9:21  Immortal  
  67  9:31  Zealot x2  
  67  9:33  Zealot  
  69  9:42  High Templar x3  
  69  9:43  Zealot, High Templar  
  78  9:47  Archon x2  
  78  9:57  Zealot, High Templar x2  
  84  10:02  Archon  
  72  10:09  Zealot  
Tags
 
Add a new tag
Caveats
  • Supply blocks, unpowered buildings, or Contaminate may cause inaccurate times.
  • Supply counts are checked every 10 seconds.